Map: Stargazers

Players

Oliveira - Winner!

  • Race: Terran Terran
  • League: Grandmaster
  • Spawn Location: 11:00

Creator

  • Race: Protoss Protoss
  • League: Master
  • Spawn Location: 1:00

VOD

Have the link to the VOD?

Description

Time

  • Played on: Oct. 22, 2022, 7:27 a.m.
  • Length: 8:18
Show
View Real Time Build Order
Export as new Build Order

Oliveira Terran - Winner!

Build Orders: Reaper Expand 

Get SALT Encoding   

  12  0:00  SCV  
  13  0:12  SCV  
  14  0:17  Supply Depot  
  14  0:24  SCV  
  15  0:39  SCV  
  15  0:40  Barracks  
  16  0:45  Refinery  
  16  0:51  SCV  
  17  1:03  SCV  
  18  1:15  SCV  
  19  1:28  Reaper, Orbital Command  
  20  1:40  Command Center  
  20  1:49  Barracks  
  21  1:54  SCV  
  21  2:00  Barracks Reactor  
  21  2:06  SCV  
  22  2:09  Supply Depot  
  22  2:14  Refinery  
  22  2:18  SCV  
  23  2:23  Factory  
  23  2:30  SCV  
  23  2:37  Barracks Tech Lab, Marine x2  
  26  2:44  SCV  
  27  2:53  Orbital Command  
  27  2:56  SCV  
  27  2:58  Marine x2  
  29  3:01  Stimpack  
  29  3:03  Orbital Command, Marine  
  31  3:09  SCV  
  32  3:18  Starport, Marine x2  
  34  3:21  SCV  
  34  3:24  Marine  
  36  3:29  Factory Reactor  
  36  3:30  SCV  
  36  3:31  Supply Depot  
  36  3:33  SCV  
  38  3:38  Marine  
  39  3:41  Marine  
  39  3:42  SCV  
  39  3:44  Marine  
  39  3:46  SCV  
  43  3:54  SCV  
  41  3:56  Marine  
  41  3:58  SCV  
  41  3:59  Marine  
  44  4:06  SCV  
  45  4:10  Supply Depot, SCV, Medivac x2  
  45  4:12  Marine  
  45  4:14  Marine  
  51  4:17  Factory Tech Lab  
  51  4:18  SCV  
  51  4:21  Marine  
  51  4:22  SCV  
  54  4:27  Engineering Bay  
  54  4:31  Marine  
  54  4:32  Supply Depot, Marine  
  54  4:34  SCV  
  57  4:39  Siege Tank  
  57  4:44  Barracks  
  57  4:45  Marine  
  60  4:46  SCV  
  62  4:53  Refinery, SCV  
  62  4:54  Terran Infantry Weapons Level 1  
  62  4:55  Marine  
  62  4:57  Marine  
  62  4:59  SCV  
  66  5:00  Starport Reactor  
  66  5:05  SCV, Marine  
  64  5:13  Marine  
  60  5:17  Marine  
  60  5:18  SCV x2  
  61  5:21  Refinery  
  61  5:22  Supply Depot  
  61  5:23  Siege Tank  
  61  5:26  Marine  
  65  5:30  SCV x2  
  65  5:31  Marine x3  
  70  5:36  Combat Shield  
  70  5:39  Supply Depot  
  70  5:43  SCV  
  70  5:44  SCV, Marine  
  70  5:49  Marine x2  
  76  5:54  Supply Depot  
  76  5:56  Medivac  
  78  6:01  Siege Tank, Marine x2  
  78  6:03  SCV x2  
  84  6:04  Marine  
  84  6:05  Supply Depot  
  85  6:12  Marine  
  85  6:15  Medivac  
  85  6:16  SCV, Marine  
  85  6:17  Supply Depot  
  85  6:18  SCV  
  89  6:19  Marine x2  
  89  6:23  Supply Depot  
  89  6:24  Marine  
  92  6:30  Marine  
  92  6:31  SCV  
  92  6:34  Marine  
  92  6:38  Marine  
  92  6:39  Siege Tank  
  95  6:40  SCV  
  95  6:41  Marine  
  95  6:43  Marine  
  95  6:44  Liberator  
  101  6:48  Marine  
  101  6:52  Marine  
  100  6:56  Marine  
  100  6:58  Marine  
  100  6:59  Liberator  
  100  7:01  SCV, Marine  
  106  7:02  Supply Depot  
  106  7:05  Marine  
  108  7:10  Marine  
  108  7:13  Marine  
  110  7:16  Marine  
  110  7:18  Siege Tank  
  110  7:19  Marine  
  113  7:23  Marine  
  113  7:28  Marine  
  109  7:30  Missile Turret  
  109  7:31  Marine  
  109  7:36  Missile Turret  
  106  7:37  Marine  
  101  7:47  Marine  
  101  7:49  Marine  
  101  7:50  Orbital Command  
  101  7:51  Marine  
  77  8:14  Missile Turret  
Show
View Real Time Build Order
Export as new Build Order

Creator Protoss 

Build Orders: 1 Gate Expand, Oracle Opening, Blink Stalkers 

Get SALT Encoding   

  12  0:00  Probe  
  13  0:12  Probe  
  14  0:17  Pylon  
  14  0:24  Probe (Chrono Boost)  
  16  0:36  Gateway  
  16  0:37  Probe (Chrono Boost)  
  16  0:43  Probe (Chrono Boost)  
  16  0:45  Assimilator  
  17  0:51  Probe  
  18  1:03  Probe  
  19  1:15  Probe  
  20  1:23  Cybernetics Core  
  20  1:29  Nexus  
  20  1:34  Probe  
  21  1:40  Pylon  
  21  1:45  Assimilator  
  21  1:48  Probe  
  22  1:56  Adept (Chrono Boost)  
  22  2:00  Probe  
  25  2:12  Probe  
  26  2:18  Stargate  
  26  2:20  Adept (Chrono Boost)  
  28  2:24  Probe  
  29  2:31  Warp Gate  
  30  2:38  Probe (Chrono Boost)  
  30  2:41  Adept (Chrono Boost)  
  30  2:43  Probe (Chrono Boost)  
  35  2:52  Probe (Chrono Boost)  
  35  2:53  Probe (Chrono Boost)  
  35  2:57  Probe (Chrono Boost)  
  35  3:00  Probe  
  35  3:04  Oracle (Chrono Boost)  
  40  3:13  Probe x2  
  40  3:15  Pylon  
  40  3:16  Pylon  
  42  3:25  Twilight Council  
  42  3:26  Probe  
  42  3:27  Probe  
  44  3:30  Gateway  
  44  3:44  Probe x2  
  46  3:56  Probe x2  
  46  3:57  Blink (Chrono Boost)  
  46  4:00  Gateway  
  46  4:01  Gateway  
  48  4:08  Probe x2, Assimilator  
  50  4:12  Shield Battery  
  50  4:14  Pylon  
  50  4:18  Stalker  
  50  4:20  Probe  
  50  4:21  Probe  
  54  4:26  Stalker  
  54  4:27  Pylon  
  56  4:33  Probe x2  
  58  4:47  Stalker  
  58  4:49  Stalker  
  64  4:55  Stalker x2  
  66  5:03  Nexus  
  62  5:11  Stalker  
  62  5:13  Stalker  
  58  5:18  Probe x2  
  58  5:19  Stalker  
  58  5:20  Stalker  
  58  5:21  Pylon  
  62  5:30  Probe x2  
  62  5:34  Forge  
  64  5:36  Pylon  
  64  5:41  Zealot, Sentry  
  64  5:42  Probe x2  
  70  5:44  Dark Shrine  
  70  5:50  Gateway  
  70  5:55  Probe, Assimilator  
  70  5:56  Probe  
  72  5:58  Charge (Chrono Boost)  
  72  6:02  Gateway  
  72  6:06  Protoss Ground Weapons Level 1  
  72  6:13  Probe x2  
  74  6:18  Probe  
  74  6:25  Probe x2  
  77  6:28  Zealot x2  
  77  6:29  Zealot x2  
  77  6:32  Gateway  
  85  6:43  Shield Battery x2  
  85  6:44  Pylon  
  85  6:56  Dark Templar  
  85  6:58  Dark Templar  
  85  7:00  Sentry x2  
  85  7:01  Zealot x2  
  95  7:06  Probe x3  
  95  7:08  Pylon  
  98  7:30  Dark Templar x2  
  98  7:31  Stalker x2  
  98  7:32  Zealot x3  
  92  7:53  Dark Templar  
  92  7:54  Zealot x2, Stalker  
  92  7:55  Zealot  
Tags
 
Add a new tag
Caveats
  • Supply blocks, unpowered buildings, or Contaminate may cause inaccurate times.
  • Supply counts are checked every 10 seconds.